 Dungeon Crawl Stone Soup version 0.22-a0-247-gbddf880 (webtiles) character file.

50 Firecrotchwizard the Insei (level 3, 0/20 HPs)
             Began as a Vine Stalker Monk on Feb 25, 2018.
             Succumbed to an adder's poison
             ... on level 2 of the Dungeon.
             The game lasted 00:03:44 (1562 turns).

Firecrotchwizard the Insei (Vine Stalker Monk)      Turns: 1562, Time: 00:03:45

Health: 0/20       AC:  2    Str: 13    XL:     3   Next: 79%
Magic:  4/4        EV: 13    Int: 10    God:
Gold:   53         SH:  0    Dex: 17    Spells: 2/2 levels left

rFire    . . .     SeeInvis .     - Unarmed
rCold    . . .     Gourm    .   (no shield)
rNeg     . . .     Faith    .   a - +0 robe
rPois    .         Spirit   +   (no helmet)
rElec    .         Reflect  .   (no cloak)
rCorr    .         Harm     .   (no gloves)
MR       .....                  (no boots)
Stlth    ++........             (no amulet)
HPRegen  0.06/turn              (no ring)
MPRegen  0.09/turn              (no ring)

@: lethally poisoned (0 -> -7)
A: fangs 2, magic shield, antimagic bite, no potion heal 3, rot immunity
a: no special abilities


You were on level 2 of the Dungeon.
You were not hungry.

You visited 1 branch of the dungeon, and saw 2 of its levels.

You collected 53 gold pieces.

Inventory:

Armour
 a - a +0 robe (worn)
Scrolls
 c - 2 scrolls of identify {unknown}
 d - a scroll of fear {unknown}
 g - a scroll of teleportation {unknown}
 h - a scroll of remove curse {unknown}
Comestibles
 b - 5 rations {@e1}
 f - 3 chunks of flesh {@w0}


   Skills:
 + Level 3.2 Fighting
 - Level 2.4 Dodging
 - Level 2.4 Stealth
 * Level 4.1 Unarmed Combat


You had 2 spell levels left.
You didn't know any spells.

Dungeon Overview and Level Annotations

Branches:
Dungeon (2/15)

Altars:
Ashenzari
Cheibriados
Dithmenos
Ru
Vehumet
Yredelemnul

Annotations:
D:2 2 transporters


Innate Abilities, Weirdness & Mutations

You have extremely sharp teeth.
When hurt, damage is shared between your health and your magic reserves.
Your bite disrupts and absorbs the magic of your enemies.
Potions cannot restore your health.
You are immune to rotting.


Message History

You butcher the goblin corpse.
f - 6 chunks of flesh {@w0} (gained 1)
You see here a goblin skeleton.
Things that are here:
a club; a goblin corpse You butcher the goblin corpse.
f - 7 chunks of flesh {@w0} (gained 1)
You see here a club.
There is a radiant altar of Vehumet here.
You see here a club.
Autoeating chunks.
Eating one of 7 chunks of flesh {@w0}.
You eat one of the 7 chunks of flesh {@w0}.
The quokka twitches its whiskers.
A rat comes into view.
The rat closely misses you.
You closely miss the rat. You bite the rat. You drain its power.
The rat bites you.
You take 2 damage, and have 18/20 hp.
You hit the rat.
You kill the rat!
No target in view!
g - a scroll labeled PYTA WYOMIWKIOG A leopard gecko comes into view.
The leopard gecko hisses angrily.
The leopard gecko completely misses you.
You hit the leopard gecko. Your punch misses the leopard gecko.
The leopard gecko barely misses you.
You hit the leopard gecko.
You kill the leopard gecko!
No target in view!
c - 2 scrolls labeled ODIMAI RIPLU (gained 1) Some of the chunks of flesh in your inventory have rotted away.
h - a scroll labeled ANONIO HAJILLU Health restored: 20 The adder hisses angrily.
Found a stone staircase leading down.
No target in view!
The adder is too close now for your liking.
The adder bites you.
You take 1 damage, and have 19/20 hp.
You miss the adder. Your bite misses the adder. The adder barely misses you.
The adder bites you.
You take 4 damage, and have 15/20 hp.
You now have 3/4 mp.
You closely miss the adder. Your bite misses the adder.
The adder barely misses you.
Okay, then.
You completely miss the adder. Your bite misses the adder.
The adder barely misses you.
You closely miss the adder. The adder closely misses you.
You hit the adder. You bite the adder. You drain its power.
You feel invigorated. The adder bites you but does no damage.
The adder closely misses you.
MP restored: 4 You hit the adder.
You bite the adder. You drain its power. The adder bites you.
You are poisoned.
The adder poisons you!
You take 1 damage, and have 14/20 hp.
It was a potion of curing.
Your system rejects the healing.
You feel better. The adder bites you.
You are poisoned.
The adder poisons you!
You take 1 damage, and have 13/20 hp.
It was a potion of cancellation.
You feel magically purged.
You feel sick. The adder barely misses you.
You take 1 damage, and have 12/20 hp.
You hit the adder. Your bite misses the adder. The adder completely misses you.
The adder bites you.
You are lethally poisoned!
The adder poisons you!
You take 4 damage, and have 8/20 hp.
You now have 3/4 mp.
You closely miss the adder.
You kill the adder!
You feel sick.
You take 1 damage, and have 7/20 hp.
* * * LOW HITPOINT WARNING * * *
You feel sick.
You take 1 damage, and have 6/20 hp.
There is a lethal amount of poison in your body!
* * * LOW HITPOINT WARNING * * *
You feel sick.
You take 1 damage, and have 5/20 hp.
* * * LOW HITPOINT WARNING * * *
You feel sick.
You take 1 damage, and have 4/20 hp.
* * * LOW HITPOINT WARNING * * *
You feel sick.
You see here a scroll labeled SAMU IXUAWES.
You take 1 damage, and have 3/20 hp.
* * * LOW HITPOINT WARNING * * *
You feel sick.
You take 1 damage, and have 2/20 hp.
You see here a scroll labeled SAMU IXUAWES.
MP restored: 4
d - a scroll labeled SAMU IXUAWES
* * * LOW HITPOINT WARNING * * *
You feel sick.
You take 1 damage, and have 1/20 hp.
You die...

...S......
................
.###....##
)#####..##.###.. .# .###
##....## .# #
#.####...##.# .#
####........# .# .#
#.....###.#.# .# .# #....
#.#.# # S#
......###.#.####.
.#########..$...@.........
.<.........###..>..#######
##########.# #.....#
#.###.##### #<....#
#######


There were no monsters in sight!

Vanquished Creatures
  An adder (D:2)
  2 dart slugs (D:1)
  4 leopard geckos
  2 bats
  A giant cockroach (D:2)
  6 goblins
  3 hobgoblins (D:1)
  3 jackals (D:1)
  2 frilled lizards (D:1)
  3 kobolds (D:1)
  5 rats
32 creatures vanquished.

Notes
Turn   | Place    | Note
-------+----------+-------------------------------------------
     0 | D:1      | Firecrotchwizard the Vine Stalker Monk began the quest for the Orb.
     0 | D:1      | Reached XP level 1. HP: 11/11 MP: 2/2
   107 | D:1      | Reached XP level 2. HP: 16/16 MP: 3/3
   452 | D:1      | Reached skill level 3 in Fighting
   457 | D:1      | HP: 4/16 [leopard gecko (4)]
   895 | D:1      | Reached XP level 3. HP: 20/20 MP: 4/4
  1352 | D:2      | Found a sacrificial altar of Ru.
  1355 | D:2      | Noticed a hungry ghost
  1367 | D:2      | Found a transporter.
  1368 | D:2      | Found a shattered altar of Ashenzari.
  1368 | D:2      | Found a shadowy altar of Dithmenos.
  1385 | D:2      | Found a radiant altar of Vehumet.
  1385 | D:2      | Found a basalt altar of Yredelemnul.
  1388 | D:2      | Found a snail-covered altar of Cheibriados.
  1393 | D:2      | Reached skill level 4 in Unarmed Combat
  1433 | D:2      | Found a transporter.
  1554 | D:2      | HP: 5/20 [poisoned by an adder]
  1558 | D:2      | HP: 2/20 [poisoned by an adder]
  1562 | D:2      | Succumbed to an adder's poison

Vault maps used:
D:1:      mrwooster_arrival_statue, minmay_stone_trees_small
D:2:      gammafunk_temple_overflow_arena, grunt_temple_overflow_open

Skill      XL: |  1  2  3 |
---------------+----------+-----
Fighting       | 3 |  3.2
Unarmed Combat | 4 |  4.1
Dodging        | |  2.4
Stealth        | |  2.4

Action                   || total
-------------------------++-------
Melee: Unarmed           ||    83
       Bite              ||    26
       Punch             ||     3
  Use: Potion            ||     2
 Stab: Sleeping          ||     7
  Eat: Chunk             ||     2
Armor: Robe              ||     9
Dodge: Dodged            ||    44

Table legend:
 A = Spawn XP
 B = Non-spawn XP
 C = Spawn XP percentage of total XP
 D = Spawn monster count
 E = Non-spawn monster count
 F = Spawn count percentage of total count
 G = Total turns spent on level
                    A         B        C        D         E        F      G
               +---------+---------+-------+---------+---------+-------+---------
         Total |       0 |      72 |   0.0 |       0 |      32 |   0.0 |  1562
               +---------+---------+-------+---------+---------+-------+---------
           D:1 |       0 |      46 |   0.0 |       0 |      24 |   0.0 |  1308
           D:2 |       0 |      26 |   0.0 |       0 |       8 |   0.0 |   254
               +---------+---------+-------+---------+---------+-------+---------

Vault maps used:
D:1:      mrwooster_arrival_statue, minmay_stone_trees_small
D:2:      gammafunk_temple_overflow_arena, grunt_temple_overflow_open

Table legend:
 A = Turns spent in this place as a percentage of turns spent in the entire game.
 B = Non-inter-level travel turns spent in this place as a percentage of non-inter-level travel turns spent in the entire game.
 C = Inter-level travel turns spent in this place as a percentage of turns spent in this place.
 D = Turns resting spent in this place as a percentage of non-inter-level travel turns spent in this place.
 E = Turns spent auto-exploring this place as a percentage of non-inter-level travel turns spent in this place.
 F = Non-inter-level travel turns spent in this place divided by the number of levels of this place that you've seen.
                   A       B       C       D       E      F
               +-------+-------+-------+-------+-------+----------------------
         Total | 100.0 | 100.0 |   3.4 |  41.4 |  40.6 | 754.5
       Dungeon | 100.0 | 100.0 |   3.4 |  41.4 |  40.6 | 754.5
               +-------+-------+-------+-------+-------+----------------------

Table legend:
 A = Kills in this place as a percentage of kills in entire the game.
 B = Kills by you in this place as a percentage of kills by you in the entire game.
 C = Kills by friends in this place as a percentage of kills by friends in the entire game.
 D = Other kills in this place as a percentage of other kills in the entire game.
 E = Experience gained in this place as a percentage of experience gained in the entire game.
 F = Experience gained in this place divided by the number of levels of this place that you have seen.
                   A       B       C       D       E      F
               +-------+-------+-------+-------+-------+----------------------
         Total | 100.0 | 100.0 |   N/A |   N/A | 100.0 |  36.0
       Dungeon | 100.0 | 100.0 |   N/A |   N/A | 100.0 |  36.0
               +-------+-------+-------+-------+-------+----------------------
